 Dungeon Crawl Stone Soup version 0.31-a0-263-ge8cad7f256 (webtiles) character file.

Game seed: 17103980854057855300

1069 qw the Skirmisher (level 8, -2/68 HPs)
             Began as a Minotaur Hexslinger on July 13, 2023.
             Slain by Edmund
             ... wielding a +5 dire flail of protection
              (11 damage)
             ... on level 4 of the Dungeon.
             The game lasted 00:01:28 (3957 turns).

qw the Skirmisher (Minotaur Hexslinger)             Turns: 3957, Time: 00:01:28

Health: -2/68      AC:  6    Str: 12    XL:     8   Next: 7%
Magic:  8/8        EV: 11    Int: 10    God:
Gold:   177        SH:  0    Dex: 16    Spells: 8/9 levels left

rFire   . . .        Y - +2 sling (flame)
rCold   . . .        (no shield)
rNeg    . . .        h - +0 ring mail
rPois   .            (helmet restricted)
rElec   .            (no cloak)
rCorr   .            (no gloves)
SInv    +            (no boots)
Will    .....        (no amulet)
Stlth   +            a - ring of see invisible
HPRegen 0.31/turn    (no ring)
MPRegen 0.11/turn

%: no passive effects
@: no status effects
A: horns 2, retaliatory headbutt
a: no special abilities


You were on level 4 of the Dungeon.
You visited 1 branch of the dungeon, and saw 4 of its levels.

You collected 177 gold pieces.


Innate Abilities, Weirdness & Mutations

You have a pair of horns on your head.
You reflexively headbutt those who attack you in melee.


   Skills:
 - Level 5.0 Fighting
 - Level 14.3 Ranged Weapons
 - Level 4.9 Armour
 + Level 2.1 Dodging
 - Level 1.0 Spellcasting
 - Level 2.0 Hexes


You had 8 spell levels left.
You knew the following spells:

 Your Spells              Type           Power      Damage    Failure   Level
a - Slow                  Hex            16%        N/A       32%         1

Your spell library contained the following spells:

 Spells                   Type           Power      Damage    Failure   Level
 Inner Flame              Hex/Fire       2%         N/A       82%         3
 Portal Projectile        Hex/Tloc       4%         N/A       82%         3
 Cause Fear               Hex            2%         N/A       97%         4

Inventory:

Hand Weapons
 Y - a +2 sling of flaming (weapon)
Armour
 h - a +0 ring mail (worn)
Jewellery
 a - a ring of see invisible (left hand)
Scrolls
 b - 3 scrolls of blinking {unknown}
 d - a scroll of identify
Potions
 c - a potion of haste
 e - a potion of might
 j - a potion of curing {unknown}

Dungeon Overview and Level Annotations

Branches:
Dungeon (4/15)
 Temple: D:4-7

Altars:
Qazlal

Annotations:
D:3 1 runed translucent door, Crazy Yiuf
D:4 Edmund


Message History

The sling bullet burns Edmund.
Edmund is lightly wounded.
Edmund hits you with a +5 dire flail of protection!
You shoot a sling bullet. The sling bullet hits Edmund!
The sling bullet burns Edmund.
Edmund is moderately wounded.
You shoot a sling bullet.
The sling bullet hits Edmund but does no damage.
Edmund is moderately wounded.
Edmund hits you with a +5 dire flail of protection!
You shoot a sling bullet. The sling bullet hits Edmund.
The sling bullet burns Edmund.
Edmund is moderately wounded.
Edmund hits you with a +5 dire flail of protection!
The giant cockroach bites you.
You shoot a sling bullet.
The sling bullet hits Edmund but does no damage.
Edmund is moderately wounded.
The giant cockroach closely misses you.
Edmund hits you with a +5 dire flail of protection!
You shoot a sling bullet. The sling bullet barely misses Edmund.
The giant cockroach bites you but does no damage.
Edmund barely misses you.
You shoot a sling bullet.
The sling bullet hits Edmund but does no damage.
Edmund is moderately wounded.
The giant cockroach bites you but does no damage.
You shoot a sling bullet. The sling bullet closely misses Edmund.
Edmund hits you with a +5 dire flail of protection!
The giant cockroach bites you but does no damage.
You shoot a sling bullet. The sling bullet hits Edmund.
The sling bullet burns Edmund.
Edmund is heavily wounded.
Edmund hits you with a +5 dire flail of protection.
The giant cockroach bites you but does no damage.
You shoot a sling bullet.
The sling bullet hits Edmund but does no damage.
Edmund is heavily wounded.
Edmund hits you with a +5 dire flail of protection!
You die...

#######..........
###..........###...
'.#.######.........
#.#.# ###.......
###.#.# #.......
#...#.# ########
#...#.# #..@#'#####
#.@.....# #.B.....#
#.......# #.......#
#.......# ........#
.##......# ..
##.#####


You could see Edmund and a giant cockroach.

Vanquished Creatures
  Pikel (D:4)
  Sigmund (D:3)
  3 lemures (D:4)
  A scorpion (D:4)
  A hound (D:4)
  Natasha (twice) (D:3)
  3 adders
  An ufetubus (D:4)
  2 dart slugs
  10 orcs
  6 endoplasms
  4 giant cockroaches
  5 hobgoblins
  2 jackals (D:1)
  7 kobolds
  A quokka (D:4)
  3 ball pythons
  A bat (D:1)
  4 frilled lizards
  10 goblins
  9 rats
77 creatures vanquished.

Notes
Turn   | Place    | Note
-------+----------+-------------------------------------------
     0 | D:1      | qw the Minotaur Hexslinger began the quest for the Orb.
     0 | D:1      | Reached XP level 1. HP: 16/16 MP: 1/1
     0 | D:1      | 0 ||| qw: Version: 0.3-a-52-g30416fa
     0 | D:1      | 0 ||| qw: Game counter: 7373
     0 | D:1      | 0 ||| qw: Melee chars always use a shield: true
     0 | D:1      | 0 ||| qw: God list: Okawaru
     0 | D:1      | 0 ||| qw: Allow faded altars: false
     0 | D:1      | 0 ||| qw: Do Orc after clearing Dungeon:15 true
     0 | D:1      | 0 ||| qw: Do second Lair branch before Depths: true
     0 | D:1      | 0 ||| qw: Lair rune preference: random
     0 | D:1      | 0 ||| qw: Goals: Normal
     0 | D:1      | 0 ||| PLANNING D:1-11
   150 | D:1      | Reached skill level 3 in Ranged Weapons
   160 | D:1      | Reached XP level 2. HP: 23/23 MP: 2/2
   896 | D:1      | 896 ||| UPGRADING to +0 ring mail.
   906 | D:1      | 906 ||| DROPPING +0 robe.
   907 | D:1      | 907 ||| READING scroll labelled KARHASA URENA.
   908 | D:1      | 908 ||| READING scroll labelled TYNOXK SYBBYEM.
   909 | D:1      | 909 ||| DRINKING 2 ruby potions.
   910 | D:1      | 910 ||| DRINKING 3 bubbling silvery potions.
   948 | D:1      | 948 ||| DROPPING scroll of poison.
   949 | D:1      | 949 ||| DROPPING 2 potions of lignification.
  1146 | D:2      | Reached XP level 3. HP: 29/29 MP: 3/3
  1549 | D:2      | Reached skill level 4 in Ranged Weapons
  1691 | D:2      | Found a faded altar of an unknown god.
  1922 | D:2      | 1922 ||| UPGRADING to ring of see invisible.
  1923 | D:2      | 1923 ||| READING scroll labelled CIOCIB TUDI.
  1924 | D:2      | 1924 ||| READING scroll labelled BOIXYLUFYM.
  1928 | D:2      | 1928 ||| READING scroll labelled XIKLIU ARONN.
  1929 | D:2      | 1929 ||| READING scroll labelled XIGEBA MACAUBA.
  1968 | D:3      | Noticed Sigmund
  1977 | D:3      | Killed Sigmund
  1978 | D:3      | Reached XP level 4. HP: 30/36 MP: 4/4
  1978 | D:3      | Reached XP level 5. HP: 34/41 MP: 5/5
  2013 | D:3      | 2013 ||| FLEEEEING.
  2411 | D:3      | Found a stormy altar of Qazlal.
  2420 | D:3      | Noticed Natasha
  2427 | D:3      | Killed Natasha
  2465 | D:3      | 2465 ||| FLEEEEING.
  2468 | D:3      | 2468 ||| FLEEEEING.
  2469 | D:3      | 2469 ||| FLEEEEING.
  2470 | D:3      | 2470 ||| FLEEEEING.
  2475 | D:3      | 2475 ||| FLEEEEING.
  2476 | D:3      | 2476 ||| FLEEEEING.
  2483 | D:3      | 2483 ||| FLEEEEING.
  2484 | D:3      | 2484 ||| FLEEEEING.
  2485 | D:3      | 2485 ||| FLEEEEING.
  2494 | D:3      | 2494 ||| FLEEEEING.
  2495 | D:3      | 2495 ||| FLEEEEING.
  2496 | D:3      | 2496 ||| FLEEEEING.
  2497 | D:3      | 2497 ||| FLEEEEING.
  2497 | D:3      | Noticed Natasha
  2506 | D:3      | Killed Natasha
  2507 | D:3      | Reached XP level 6. HP: 14/48 MP: 6/6
  2905 | D:3      | Found a runed translucent door.
  2906 | D:3      | Noticed Crazy Yiuf
  3139 | D:3      | 3139 ||| READING scroll labelled VOSEEV ZEOFEI.
  3140 | D:3      | 3140 ||| READING scroll labelled YKEHIEREDI.
  3141 | D:3      | 3141 ||| READING 3 scrolls of identify.
  3141 | D:3      | 3141 ||| IDENTIFYING smoky emerald potion
  3142 | D:3      | 3142 ||| READING 2 scrolls of identify.
  3142 | D:3      | 3142 ||| IDENTIFYING orange potion
  3143 | D:3      | 3143 ||| DRINKING potion of experience.
  3143 | D:3      | Reached skill level 14 in Ranged Weapons
  3143 | D:3      | Reached XP level 7. HP: 55/55 MP: 7/7
  3418 | D:4      | Noticed Pikel
  3437 | D:4      | 3437 ||| FLEEEEING.
  3438 | D:4      | 3438 ||| FLEEEEING.
  3439 | D:4      | 3439 ||| FLEEEEING.
  3440 | D:4      | 3440 ||| FLEEEEING.
  3441 | D:4      | 3441 ||| FLEEEEING.
  3442 | D:4      | 3442 ||| FLEEEEING.
  3443 | D:4      | 3443 ||| FLEEEEING.
  3444 | D:4      | 3444 ||| FLEEEEING.
  3445 | D:4      | 3445 ||| FLEEEEING.
  3446 | D:4      | 3446 ||| FLEEEEING.
  3447 | D:4      | 3447 ||| FLEEEEING.
  3448 | D:4      | 3448 ||| FLEEEEING.
  3449 | D:4      | 3449 ||| FLEEEEING.
  3450 | D:4      | 3450 ||| FLEEEEING.
  3451 | D:4      | 3451 ||| FLEEEEING.
  3452 | D:4      | 3452 ||| FLEEEEING.
  3453 | D:4      | 3453 ||| FLEEEEING.
  3454 | D:4      | 3454 ||| FLEEEEING.
  3455 | D:4      | 3455 ||| FLEEEEING.
  3456 | D:4      | 3456 ||| FLEEEEING.
  3457 | D:4      | 3457 ||| FLEEEEING.
  3458 | D:4      | 3458 ||| FLEEEEING.
  3459 | D:4      | 3459 ||| FLEEEEING.
  3460 | D:4      | 3460 ||| FLEEEEING.
  3461 | D:4      | 3461 ||| FLEEEEING.
  3462 | D:4      | 3462 ||| FLEEEEING.
  3479 | D:4      | 3479 ||| FLEEEEING.
  3480 | D:4      | 3480 ||| STAIRDANCE
  3619 | D:3      | 3619 ||| READING 2 scrolls of identify.
  3619 | D:3      | 3619 ||| IDENTIFYING sedimented red potion
  3620 | D:3      | 3620 ||| DROPPING potion of brilliance.
  3729 | D:4      | Killed Pikel
  3875 | D:4      | Reached XP level 8. HP: 65/67 MP: 8/8
  3946 | D:4      | Noticed Edmund
  3955 | D:4      | HP: 11/68 [Edmund/+5 dire flail of protection (13)]
  3957 | D:4      | Slain by Edmund

Levels and vault maps discovered:
D:1:      onia_arrival_pentagram, layout_basic, serial_bayou_crossing
D:2:      layout_basic, chequers_ecumenical_altar_twisty,
          chequers_hall_statues_corner_a, minmay_between
D:3:      layout_loops_corners, mainiacjoe_overflow_tiny_flanked,
          serial_aquarium, aquarium_bridge_long_separate
          [aquarium_subvault_wall, aquarium_subvault_wall,
          aquarium_subvault_bridge, aquarium_subvault_wall,
          aquarium_subvault_balcony, aquarium_subvault_bridge],
          aquarium_bridge_square [aquarium_subvault_bridge,
          aquarium_subvault_wall, aquarium_subvault_window,
          aquarium_subvault_wall], aquarium_window_1, aquarium_window_2,
          aquarium_window_1, aquarium_view_2a, aquarium_pool_2, uniq_sigmund,
          uniq_crazy_yiuf_cottage, uniq_natasha
D:4:      layout_basic, uniq_pikel, uniq_edmund

Skill      XL: |  1  2  3  4  5  6  7  8 |
---------------+-------------------------+-----
Ranged Weapons | 3 4 14 | 14.3
Fighting       | 2 4 5 |  5.0
Armour         | 4 |  4.9
Dodging        | |  2.1
Spellcasting   | |  1.0
Hexes          | |  2.0

Action                     |  1- 3 |  4- 6 |  7- 9 || total
---------------------------+-------+-------+-------++-------
  Melee: Unarmed           |       |       |    13 ||    13
   Fire: Sling             |   119 |    42 |    99 ||   260
    Use: Scroll            |     6 |     4 |     1 ||    11
         Potion            |     2 |     1 |       ||     3
 Armour: Robe              |     3 |       |       ||     3
         Ring mail         |     8 |     1 |    16 ||    25
         Skin              |       |       |     5 ||     5
  Dodge: Dodged            |    30 |     9 |    36 ||    75

Table legend:
 A = Non-vault XP
 B = Vault XP
 C = Vault XP percentage of total XP
 D = Non-vault monster count
 E = Vault monster count
 F = Vault count percentage of total count
                 A         B        C        D         E       F
            +---------+---------+-------+---------+---------+-------
      Total |     321 |     847 |  72.5 |      68 |       6 |   8.1
            +---------+---------+-------+---------+---------+-------
        D:1 |      26 |       0 |   0.0 |      17 |       0 |   0.0
        D:2 |      41 |       5 |  10.9 |      17 |       3 |  15.0
        D:3 |      67 |     249 |  78.8 |      17 |       2 |  10.5
        D:4 |     187 |     593 |  76.0 |      17 |       1 |   5.6
            +---------+---------+-------+---------+---------+-------
